 Dungeon Crawl Stone Soup version 0.26.1-11-gd32895ea62 (webtiles) character file.

Game seed: 6335171131690269550

2463647 Amplified the Englaciator (level 27, 186/242 HPs)
             Began as a Barachi Ice Elementalist on July 7, 2021.
             Was an Initiate of Gozag.
             Escaped with the Orb
             ... and 5 runes on July 9, 2021!
             The game lasted 03:15:07 (112951 turns).

Amplified the Englaciator (BaIE)                  Turns: 112951, Time: 03:15:08

Health: 186/242    AC: 37    Str: 21    XL:     27
Magic:  49/49      EV: 26    Int: 34    God:    Gozag
Gold:   1283       SH:  0    Dex: 23    Spells: 10/70 levels left

rFire    + + +     SeeInvis +   i - +10 quarterstaff "Ranuaczy" {vorpal, *Drain rF+ rN+ Int+4}
rCold    + + +     Faith    .   (shield currently unavailable)
rNeg     + + +     Spirit   .   N - +9 fire dragon scales of the Wild Haggis {rF++ rC- Dex+2}
rPois    +         Reflect  .   B - +3 helmet "Buor" {Int+3}
rElec    +         Harm     .   Y - -2 cloak "Dumeoq" {*Contam Str+3 Int+4 Slay+6} (curse)
rCorr    +         Rampage  .   h - +2 pair of gloves {Dex+3}
Will     +++..                  S - +2 pair of boots {run}
Stlth    ..........             n - amulet of Rywk {RegenMP rN+ Dex+4}
HPRegen  0.50/turn              k - ring of a Thousand Spirits {rElec rPois rN+ Will+}
MPRegen  0.56/turn              t - ring "Geurapraa" {rPois rC+++ rN+ SInv Stlth-}

@: mighty, resistant
A: +LOS, swims, talons 1, deterioration 1, slowness 1, strong 2, strong legs 2
0: Orb of Zot
}: 5/15 runes: serpentine, barnacled, slimy, silver, abyssal
a: Hop, Renounce Religion, Potion Petition, Call Merchant, Bribe Branch


You escaped.
You worshipped Gozag.
Gozag was most pleased with you.
You visited 12 branches of the dungeon, and saw 58 of its levels.
You visited the Abyss 2 times.
You visited 1 bazaar.
You also visited: Wizlab.

You collected 43276 gold pieces.
You spent 23999 gold pieces at shops.
You paid 17994 gold pieces to Gozag.

Inventory:

Hand Weapons
 c - the +7 lajatang of Order {silver, rMut}
   (You acquired it on level 1 of the Crypt)

   It protects you from mutation.
 i - the +10 quarterstaff "Ranuaczy" (weapon) {vorpal, *Drain rF+ rN+ Int+4}
   (You bought it in a shop on level 4 of the Dungeon)

   It inflicts extra damage upon your enemies.
   It affects your intelligence (+4).
   It protects you from fire.
   It protects you from negative energy.
   It causes draining when unequipped.
Missiles
 b - 85 poisoned darts
 E - 11 throwing nets (quivered)
Armour
 h - a +2 pair of gloves of dexterity (worn)
 s - the +1 scale mail of Wasted Space {rC+ rCorr Str+3 Stlth+}
   (You bought it in a shop on level 12 of the Dungeon)

   It affects your strength (+3).
   It protects you from cold.
   It provides partial protection from all sources of acid and corrosion.
   It makes you more stealthy.
 B - the +3 helmet "Buor" (worn) {Int+3}
   (You found it on level 9 of the Dungeon)

   It affects your intelligence (+3).
 G - the +3 salamander hide armour {Flames rF++ rC--}
   (You bought it in a shop on level 3 of the Lair of Beasts)

   It greatly protects you from fire.
   It makes you very vulnerable to cold.
 N - the +9 fire dragon scales of the Wild Haggis (worn) {rF++ rC- Dex+2}
   (You found it on level 6 of the Lair of Beasts)

   It affects your dexterity (+2).
   It greatly protects you from fire.
   It makes you vulnerable to cold.
 S - a +2 pair of boots of running (worn)
 U - a +2 cloak of preservation
 Y - the cursed -2 cloak "Dumeoq" (worn) {*Contam Str+3 Int+4 Slay+6}
   (You found it on level 3 of the Elven Halls)

   It affects your strength (+3).
   It affects your intelligence (+4).
   It affects your accuracy and damage with ranged weapons and melee attacks
   (+6).
   It causes magical contamination when unequipped.
   It has a curse placed upon it.
Jewellery
 k - the ring of a Thousand Spirits (left hand) {rElec rPois rN+ Will+}
   (You found it on level 4 of the Shoals)

   [ring of positive energy]

   It insulates you from electricity.
   It protects you from poison.
   It protects you from negative energy.
   It affects your willpower, your defense against some magical effects.
 n - the amulet of Rywk (around neck) {RegenMP rN+ Dex+4}
   (You bought it in a shop on level 4 of the Snake Pit)

   [amulet of magic regeneration]

   It increases your magic regeneration.
   It affects your dexterity (+4).
   It protects you from negative energy.
 t - the ring "Geurapraa" (right hand) {rPois rC+++ rN+ SInv Stlth-}
   (You bought it in a shop on level 8 of the Dungeon)

   [ring of see invisible]

   It renders you almost immune to cold.
   It protects you from poison.
   It protects you from negative energy.
   It lets you see invisible.
   It makes you less stealthy.
 X - the ring of Zaydeuj {rPois rN+ Str+4 Int+4}
   (You took it off a deep elf elementalist on level 3 of the Elven Halls)

   [ring of poison resistance]

   It affects your strength (+4).
   It affects your intelligence (+4).
   It protects you from poison.
   It protects you from negative energy.
 Z - the ring of Meczac {*Slow rPois rC+++ rN+ SInv}
   (You found it on level 2 of the Snake Pit)

   [ring of poison resistance]

   It renders you almost immune to cold.
   It protects you from poison.
   It protects you from negative energy.
   It lets you see invisible.
   It may slow you when you take damage.
Wands
 a - a wand of digging (9)
 W - a wand of acid (18)
Scrolls
 l - 30 scrolls of remove curse
 q - 10 scrolls of immolation
 u - 6 scrolls of blinking
 w - 18 scrolls of teleportation
 D - 14 scrolls of identify
 F - 10 scrolls of magic mapping
 I - 3 scrolls of holy word
 J - 7 scrolls of amnesia
 K - 10 scrolls of fog
 M - 5 scrolls of silence
 O - a scroll of enchant armour
 R - a scroll of summoning
 V - 13 scrolls of fear
Potions
 d - 11 potions of mutation
 e - 11 potions of ambrosia
 f - 8 potions of flight
 j - 12 potions of brilliance
 o - a potion of might
 r - 15 potions of lignification
 v - 4 potions of magic
 z - 4 potions of resistance
 A - 35 potions of curing
 H - a potion of invisibility
 L - 9 potions of haste
 P - 5 potions of cancellation
 T - a potion of heal wounds
Miscellaneous
 p - a condenser vane
 x - a tin of tremorstones (2/2)
 y - a phantom mirror
 Q - a box of beasts


   Skills:
 * Level 25.3 Fighting
 - Level 15.0 Staves
 - Level 20.3 Armour
 - Level 19.1 Dodging
 - Level 1.7 Stealth
 - Level 22.0 Spellcasting
 * Level 14.7 Conjurations
 - Level 10.5 Hexes
 * Level 10.1 Summonings
 - Level 11.2 Necromancy
 O Level 27 Ice Magic
 - Level 12.4 Air Magic
 * Level 8.5 Earth Magic
 - Level 17.3 Evocations


You had 10 spell levels left.
You knew the following spells:

 Your Spells              Type           Power        Failure   Level
a - Airstrike             Air            44%          1%          4
b - Frozen Ramparts       Ice            100%         0%          3
c - Ozocubu's Armour      Ice            100%         0%          3
d - Summon Ice Beast      Ice/Summ       100%         0%          4
e - Apportation           Tloc           74%          1%          1
f - Cause Fear            Hex            41%          1%          4
g - Freezing Cloud        Conj/Ice/Air   51%          1%          6
h - Silence               Hex/Air        43%          1%          5
i - Ozocubu's Refrigerat  Ice            60%          0%          6
j - Passwall              Tmut/Erth      50%          1%          2
k - Dispel Undead         Necr           85%          1%          4
l - Irradiate             Conj/Tmut      36%          1%          5
m - Iron Shot             Conj/Erth      43%          1%          6
n - Spellforged Servitor  Conj/Summ      44%          8%          7

Your spell library contained the following spells:

 Spells                   Type           Power        Failure   Level
 Animate Skeleton         Necr           100%         0%          1
 Freeze                   Ice            100%         0%          1
 Magic Dart               Conj           100%         0%          1
 Pain                     Necr           100%         0%          1
 Shock                    Conj/Air       100%         0%          1
 Ensorcelled Hibernation  Hex/Ice        100%         0%          2
 Swiftness                Air            89%          0%          2
 Hailstorm                Conj/Ice       100%         0%          4
 Beastly Appendage        Tmut           74%          1%          1
 Corona                   Hex            92%          1%          1
 Foxfire                  Conj/Fire      100%         1%          1
 Sandblast                Erth           100%         1%          1
 Sting                    Tmut/Pois      100%         1%          1
 Summon Small Mammal      Summ           100%         1%          1
 Call Imp                 Summ           82%          1%          2
 Corpse Rot               Necr/Air       N/A          1%          2
 Poisonous Vapours        Pois/Air       100%         1%          2
 Slow                     Hex            83%          1%          2
 Sublimation of Blood     Necr           42%          1%          2
 Confusing Touch          Hex            83%          1%          3
 Conjure Flame            Conj/Fire      72%          1%          3
 Dazzling Flash           Conj/Hex       100%         1%          3
 Inner Flame              Hex/Fire       65%          1%          3
 Mephitic Cloud           Conj/Pois/Air  78%          1%          3
 Portal Projectile        Hex/Tloc       100%         1%          3
 Static Discharge         Conj/Air       92%          1%          3
 Stone Arrow              Conj/Erth      100%         1%          3
 Tukima's Dance           Hex            83%          1%          3
 Animate Dead             Necr           42%          1%          4
 Ice Form                 Ice/Tmut       92%          1%          4
 Leda's Liquefaction      Hex/Erth       40%          1%          4
 Summon Lightning Spire   Summ/Air       85%          1%          4
 Agony                    Necr           85%          1%          5
 Bolt of Magma            Conj/Fire/Erth 37%          1%          5
 Borgnjor's Vile Clutch   Necr/Erth      40%          1%          5
 Excruciating Wounds      Necr           42%          1%          5
 Iskenderun's Battlesphe  Conj           95%          1%          5
 Lee's Rapid Deconstruct  Erth           38%          1%          5
 Lightning Bolt           Conj/Air       46%          1%          5
 Metabolic Englaciation   Hex/Ice        52%          1%          5
 Summon Demon             Summ           41%          1%          5
 Conjure Ball Lightning   Conj/Air       46%          1%          6
 Simulacrum               Ice/Necr       53%          1%          6
 Blink                    Tloc           N/A          2%          2
 Wereblood                Tmut           37%          2%          2
 Petrify                  Tmut/Erth      61%          2%          4
 Death Channel            Necr           42%          2%          6
 Invisibility             Hex            83%          3%          6
 Orb of Destruction       Conj           47%          3%          7
 Gell's Gravitas          Tloc           18%          4%          3
 Ignite Poison            Fire/Tmut/Pois 37%          4%          3
 Lesser Beckoning         Tloc           18%          4%          3
 Spider Form              Tmut/Pois      18%          4%          3
 Yara's Violent Unravell  Hex/Tmut       32%          4%          5
 Olgreb's Toxic Radiance  Pois           37%          16%         4
 Passage of Golubria      Tloc           N/A          16%         4
 Monstrous Menagerie      Summ           41%          21%         7
 Summon Greater Demon     Summ           41%          21%         7
 Alistair's Intoxication  Tmut/Pois      24%          38%         5
 Blade Hands              Tmut           18%          38%         5
 Discord                  Hex            41%          80%         8
 Summon Horrible Things   Summ           41%          83%         8
 Malign Gateway           Summ/Tloc      32%          85%         7
 Eringya's Noxious Bog    Tmut/Pois      18%          93%         6
 Dragon Form              Tmut           18%          100%        7
 Dragon's Call            Summ           41%          100%        9
 Tornado                  Air            44%          100%        9


Dungeon Overview and Level Annotations

Branches:
Dungeon (15/15)            Temple (0/1) D:6            Lair (6/6) D:9
 Shoals (4/4) Lair:4        Snake (4/4) Lair:4        Slime (5/5) Lair:6
    Orc (2/2) D:10            Elf (3/3) Orc:2        Vaults (5/5) D:13
  Crypt (3/3) Vaults:3       Tomb (0/3) Crypt:3      Depths (5/5) D:15
   Hell (visited)             Dis (0/7) Hell            Coc (0/7) Hell
    Tar (0/7) Hell            Zot (5/5) Depths:5     WizLab (visited)
    Geh: Hell:1

Altars:
Ashenzari
Elyvilon
Gozag
Kikubaaqudgha
Okawaru
Sif Muna
Trog
Uskayaw
Vehumet
Xom
Yredelemnul
Beogh
Jiyva

Shops:
D:4 (   D:8 !=   D:10 (   D:12 [   D:15 [   Orc:1 *   Orc:2 =(*(
Elf:2 }=*[=}}   Elf:3 ?*   Lair:3 [   Shoals:4 ?   Snake:4 =(!*   Vaults:3 [
Vaults:4 **(*(:*   Zot:5 (   Depths:1 ?*   Depths:3 *!=!

Portals:
Hell: Depths:1 Depths:2 Depths:3 Depths:4 Depths:5
Abyss: Depths:4
Pandemonium: Depths:3 Depths:4
Ziggurat: Depths:4

Annotations:
Snake:4 Improved resistances.
Depths:2 2 transporters, SeriousMike's ghost, adept TrNe
Hell exclusion: ice statue, Murray


Innate Abilities, Weirdness & Mutations

You can be seen from farther away. (+LOS)
You can swim through water.
You cover ground slowly.
You can hop long distances.
You have sharp toenails.
Your body sometimes deteriorates upon taking damage.
Your muscles are very strong. (Str +4)


Message History

This square is covered in magical glow.
The rock shatters into small pieces.
Aiming: Dig
Press: ? - help, Shift-Dir - straight line A rock wall.
This square is covered in magical glow.
The rock shatters into small pieces.
You are ready to hop once more.
Aiming: Dig
Press: ? - help, Shift-Dir - straight line A rock wall.
This square is covered in magical glow.
The rock shatters into small pieces.
Aiming: Dig
Press: ? - help, Shift-Dir - straight line A rock wall.
This square is covered in magical glow.
The rock shatters into small pieces.
There is a staircase leading out of the dungeon here.
You have escaped!

##.####
##........#
##.##
#.......##
##.##
##......#
##.##
#......#
##.##
#.....##
##.## ##....#
##.## #...##
##.#####..###
##......@..#
###########


There were no monsters in sight!

Vanquished Creatures
  3 orbs of fire (Zot:5)
  Mennas (Depths:5)
  5 ancient liches
  Saint Roka (Depths:3)
  5 Killer Klowns (Zot:5)
  Bai Suzhen (Crypt:1)
  A caustic shrike (Depths:1)
  2 curse toes (Zot:4)
  16 golden dragons
  Geryon (Hell)
  Nikola (Shoals:1)
  Jory (Depths:3)
  3 bone dragons
  7 liches
  4 electric golems
  A Brimstone Fiend (D:13)
  25 Orb Guardians
  An Ice Fiend (Zot:2)
  24 tentacled monstrosities
  5 titans (Vaults:5)
  Jorgrun (D:12)
  20 acid blobs
  2 deep elf blademasters
  7 quicksilver dragons
  2 deep elf master archers (Elf:3)
  A kraken (Shoals:1)
  The ghost of cykeltillsalu the Destroyer, an adept OpWz of Vehumet (Elf:2)
  6 ancient champions
  Polyphemus (Shoals:3)
  16 death cobs
  The ghost of Name63 the Scorcher, an adept DECj of Vehumet (Vaults:4)
  10 tentacled starspawn
  6 sphinxes
  14 storm dragons
  Donald (Snake:4)
  Agnes (D:15)
  4 draconian monks
  11 azure jellies
  Frances (D:12)
  10 shadow dragons
  6 tengu reavers
  7 nagarajas
  2 revenants
  8 deep elf sorcerers
  11 fire giants
  Ilsuiw (Shoals:2)
  8 draconian knights
  24 vault wardens
  3 iron dragons
  17 frost giants
  8 ghost moths
  A curse skull (Crypt:1)
  An orc warlord (Orc:2)
  5 draconian scorchers
  2 balrugs
  17 ironheart preservers
  7 draconian shifters
  A juggernaut skeleton (Depths:2)
  11 deep elf elementalists (Elf:3)
  8 draconian stormcallers
  A reaper (Hell)
  28 stone giants
  3 caustic shrike skeletons
  5 war gargoyles
  3 spriggan defenders
  17 green draconians
  12 vampire knights
  10 draconian annihilators
  29 very ugly things
  The ghost of Umatosche the Peltast, a journeyman GrFi of Hepliaklqana (D:14)
  Nessos (D:12)
  A lorocyproca (Abyss:3)
  13 deep elf demonologists
  4 entropy weavers
  12 white draconians
  9 deep elf annihilators
  12 purple draconians
  11 yellow draconians
  12 red draconians
  2 spark wasps
  6 deep elf death magi
  11 black draconians
  2 crystal guardians
  2 blizzard demons (Hell)
  22 ettins
  5 merfolk javelineers
  3 eidola (Crypt:3)
  11 jiangshi
  23 yaktaur captains
  A quicksilver dragon zombie (Hell)
  4 death oozes
  21 ice dragons
  Josephine (D:15)
  6 merfolk impalers
  A fire dragon (shapeshifter) (Depths:4)
  4 deep elf high priests
  6 boulder beetles
  11 rakshasas
  14 fire dragons
  2 boulder beetles (shapeshifter)
  14 great orbs of eyes
  48 vault guards
  5 spriggan air magi
  8 naga warriors
  An anaconda (shapeshifter) (Depths:3)
  A hell beast (Depths:1)
  11 hydras
  3 catoblepae
  2 merfolk avatars
  11 anacondas
  2 death knights
  8 centaur warriors
  22 ogre magi
  2 alligator snapping turtles (Shoals:4)
  A spectral frost giant (D:14)
  5 satyrs
  A spectral stone giant (D:14)
  4 hell hogs (Zot:5)
  3 merfolk aquamancers
  4 tengu warriors
  21 death yaks
  49 two-headed ogres
  3 shock serpents
  4 thrashing horrors
  8 vampire magi
  6 deep troll shamans
  4 spriggan berserkers
  7 deep troll earth magi
  15 naga sharpshooters
  4 soul eaters
  26 deep elf knights
  A spectral spriggan (D:14)
  17 hell knights
  6 iron golems
  Urug (D:12)
  7 wretched stars
  3 sun demons (Hell)
  A fire crab (shapeshifter) (Depths:4)
  A sixfirhy (Abyss:2)
  4 iron trolls
  12 shadow wraiths
  A titan skeleton (Depths:2)
  24 skeletal warriors
  2 storm dragon skeletons
  A bunyip zombie (Crypt:1)
  2 shadow demons
  An unseen horror (shapeshifter) (Depths:1)
  3 unseen horrors
  34 deep trolls
  A golden dragon zombie (D:14)
  2 salamander mystics
  8 spatial maelstroms
  12 sea snakes
  17 deep elf archers
  10 glowing orange brains
  3 wizards
  A shadow dragon zombie (Depths:2)
  13 phantasmal warriors
  An obsidian statue (Zot:5)
  20 orc knights
  A shadow dragon skeleton (Depths:2)
  7 flayed ghosts
  10 naga ritualists
  51 deep elf magi
  An anaconda skeleton (Crypt:3)
  2 wolf spider zombies
  13 necromancers
  An orb spider (Abyss:2)
  2 orc sorcerers
  A wolf spider (Vaults:5)
  14 fauns
  5 fire giant zombies
  28 harpies
  29 ironbrand convokers
  4 shining eyes
  A shining eye (shapeshifter) (Depths:2)
  2 manticores (shapeshifter)
  A faun (shapeshifter) (Vaults:5)
  12 mana vipers
  A tengu skeleton (Vaults:2)
  3 oklob plants
  20 manticores
  9 salamanders
  2 iron dragon zombies (Depths:3)
  2 frost giant zombies
  10 cyclopes
  A stone giant zombie (Hell)
  2 mana vipers (shapeshifter)
  67 ugly things
  Maurice (D:12)
  7 worldbinders
  13 elephants
  25 moths of wrath
  2 sphinx skeletons (Vaults:3)
  10 human skeletons
  2 stone giant skeletons (Vaults:2)
  An apocalypse crab (Abyss:1)
  A guardian serpent (Abyss:1)
  6 smoke demons
  7 rust devils
  An elephant (shapeshifter) (D:15)
  14 vault sentinels
  Joseph (D:7)
  2 fire giant skeletons (Vaults:3)
  2 water nymphs
  42 black mambas
  20 merfolk sirens
  4 frost giant skeletons
  A torpor snail (Lair:5)
  A guardian serpent (shapeshifter) (Vaults:2)
  13 cane toads
  A torpor snail (shapeshifter) (Vaults:2)
  26 naga magi
  Psyche (D:11)
  4 eyes of devastation
  4 yaktaur zombies
  5 gargoyles
  A shock serpent skeleton (Crypt:1)
  2 orange demons
  2 hellions
  2 rime drakes (shapeshifter)
  A komodo dragon (shapeshifter) (Vaults:4)
  2 yaktaurs (shapeshifter)
  69 yaktaurs
  A storm dragon simulacrum (Vaults:2)
  A demonic crawler (D:5)
  4 ice devils
  5 rime drakes
  2 efreet
  17 komodo dragons
  2 ancient zymes (Abyss:2)
  11 freezing wraiths
  A kobold demonologist (Depths:2)
  A hellwing (Abyss:2)
  A yaktaur skeleton (Vaults:3)
  2 spriggan zombies (Hell)
  A tengu conjurer (D:15)
  5 red devils
  5 trolls
  35 merfolk
  3 meliai (D:14)
  A troll (shapeshifter) (Depths:3)
  A queen bee (D:14)
  A grey draconian skeleton (Crypt:1)
  5 hornets
  A hydra zombie (Hell)
  11 wind drakes
  A polar bear (shapeshifter) (Depths:5)
  119 slime creatures
  3 polar bears (Lair:6)
  13 raiju
  A slime creature (shapeshifter) (Depths:4)
  2 frost giant simulacra
  3 deep troll zombies
  A hornet (shapeshifter) (Depths:4)
  11 snapping turtles
  An alligator zombie (Hell)
  21 dream sheep
  A hydra skeleton (Hell)
  A snapping turtle (shapeshifter) (Vaults:5)
  A stone giant simulacrum (Depths:1)
  32 blink frogs
  A fire dragon zombie (Hell)
  An ettin zombie (Depths:2)
  A spriggan (shapeshifter) (Vaults:4)
  4 air elementals
  An ettin skeleton (Vaults:3)
  14 starcursed masses
  A redback (shapeshifter) (Depths:4)
  2 redbacks (Vaults:4)
  19 water elementals
  2 alligator skeletons
  7 flying skulls
  13 wraiths
  10 shadows
  10 fire elementals
  2 tarantellas (Vaults:4)
  6 wyverns
  5 ynoxinuls
  5 fire bats (Abyss:2)
  7 basilisks
  A yak (shapeshifter) (D:14)
  25 yaks
  A fire bat (shapeshifter) (Abyss:3)
  A golden eye (shapeshifter) (Vaults:1)
  11 golden eyes
  An elf simulacrum (D:14)
  5 chaos spawn
  11 vampire mosquitoes
  6 neqoxecs
  13 wargs
  A redback simulacrum (D:14)
  29 spatial vortices
  A hydra simulacrum (Hell)
  3 acid dragons
  2 soldier ants
  43 nagas
  21 water moccasins
  A hell hound (Abyss:2)
  A merfolk skeleton (Crypt:1)
  3 floating eyes (shapeshifter)
  11 large abominations
  Duvessa (D:6)
  A black bear (D:7)
  A snapping turtle zombie (Abyss:1)
  3 human zombies
  2 deep troll skeletons
  An infernal demonspawn skeleton (Crypt:2)
  64 orc warriors
  An eye of draining (shapeshifter) (Vaults:4)
  4 ice beasts
  8 eyes of draining
  2 phantoms
  46 ogres
  3 sky beasts
  An ettin simulacrum (Vaults:1)
  15 boggarts
  16 wolves
  11 centaurs
  A centaur (shapeshifter) (Depths:2)
  2 orc skeletons (Vaults:2)
  A big kobold (D:10)
  A gnoll sergeant (D:5)
  16 bullfrogs
  A wyvern zombie (D:14)
  An ogre simulacrum (Vaults:1)
  12 earth elementals
  15 small abominations
  Dowan (D:6)
  4 scorpions
  A wyvern skeleton (D:13)
  A water moccasin zombie (Crypt:3)
  A water moccasin skeleton (Crypt:1)
  A killer bee (shapeshifter) (Vaults:5)
  3 tengu zombies
  30 killer bees
  3 human simulacra
  5 electric eels
  5 wights
  2 howler monkeys
  2 crimson imps
  A centaur zombie (D:6)
  21 jellies
  A bullfrog zombie (D:12)
  2 centaur skeletons
  7 hounds
  29 orc wizards
  4 quasits
  17 orc priests
  4 bullfrog skeletons
  5 iron imps
  A basilisk skeleton (Crypt:3)
  5 iguanas
  4 hell rats (Lair:5)
  14 worker ants
  A killer bee zombie (D:8)
  A deep dwarf zombie (Crypt:3)
  2 hound skeletons
  2 worker ant zombies
  7 gnolls
  A steam dragon zombie (Crypt:1)
  7 adders
  2 shadow imps
  7 white imps
  4 ufetubi
  17 oozes
  An adder zombie (D:6)
  2 adder skeletons
  A halfling skeleton (Crypt:1)
  An iguana zombie (Crypt:3)
  A lava snake skeleton (Crypt:1)
  3 worms
  4 dart slugs
  5 leopard geckos
  134 orcs
  3 giant cockroaches
  2 goblins (D:1)
  7 hobgoblins
  15 jackals
  10 kobolds
  2 quokkas
  5 bats
  2 frilled lizards
  2 jackal skeletons (D:5)
  A jackal zombie (D:5)
  A quokka skeleton (D:9)
  2 rats (D:3)
  A spectral orc (D:3)
  12 starspawn tentacles
  2 tentacles (Shoals:1)
3128 creatures vanquished.

Vanquished Creatures (collateral kills)
  the Royal Jelly (Slime:5)
  A caustic shrike (Depths:1)
  A very ugly thing (Depths:2)
  A death ooze (Slime:5)
  A merfolk impaler (Shoals:2)
  A great orb of eyes (Slime:5)
  3 yaks (D:10)
  A sky beast (D:10)
10 creatures vanquished.

Vanquished Creatures (others)
  A draconian knight (Zot:1)
  A lorocyproca (Depths:2)
  25 dancing weapons
  A black mamba (Snake:2)
  A guardian serpent (Snake:4)
  A yaktaur skeleton (Vaults:1)
  92 fungi
  340 plants
  16 starspawn tentacles
  2 tentacles (Shoals:1)
480 creatures vanquished.

Grand Total: 3618 creatures vanquished

Notes
Turn   | Place    | Note
-------+----------+-------------------------------------------
     0 | D:1      | Amplified the Barachi Ice Elementalist began the quest for
                  | the Orb.
     0 | D:1      | Reached XP level 1. HP: 13/13 MP: 3/3
   154 | D:1      | Reached skill level 5 in Ice Magic
   363 | D:1      | Reached XP level 2. HP: 19/19 MP: 0/5
   884 | D:2      | Noticed a scorpion
  1013 | D:2      | Reached XP level 3. HP: 22/24 MP: 1/7
  1017 | D:2      | Learned a level 3 spell: Frozen Ramparts
  1021 | D:2      | Learned a level 3 spell: Ozocubu's Armour
  1097 | D:2      | Killed a scorpion
  1098 | D:2      | Reached XP level 4. HP: 18/30 MP: 1/9
  1347 | D:2      | Reached skill level 6 in Ice Magic
  1583 | D:2      | Reached XP level 5. HP: 33/35 MP: 3/10
  2406 | D:3      | Found a faded altar of an unknown god.
  2500 | D:3      | Found a basalt altar of Yredelemnul.
  2706 | D:3      | Found a radiant altar of Vehumet.
  2765 | D:3      | Found a broken altar of Ashenzari.
  3317 | D:4      | Found an opulent altar of Gozag.
  3420 | D:4      | Found a white marble altar of Elyvilon.
  3476 | D:4      | Reached XP level 6. HP: 36/41 MP: 8/12
  3601 | D:4      | Reached skill level 7 in Ice Magic
  3803 | D:4      | Became a worshipper of Gozag Ym Sagoz the Greedy
  4171 | D:4      | Reached skill level 5 in Spellcasting
  4297 | D:4      | Learned a level 4 spell: Summon Ice Beast
  4612 | D:4      | Found Merch's Antique Weapon Emporium.
  4649 | D:5      | Entered Level 5 of the Dungeon
  4649 | D:5      | Noticed a sky beast
  4657 | D:4      | Killed a sky beast
  4658 | D:4      | Reached XP level 7. HP: 29/46 MP: 7/15
  4886 | D:4      | Bought an encrusted quarterstaff for 207 gold pieces
  4886 | D:4      | Identified the +10 quarterstaff "Ranuaczy" {vorpal, *Drain
                  | rF+ rN+ Int+4} (You bought it in a shop on level 4 of the
                  | Dungeon)
  5156 | D:5      | Reached skill level 8 in Ice Magic
  5264 | D:5      | Reached skill level 1 in Staves
  5887 | D:5      | Reached skill level 1 in Fighting
  6264 | D:6      | Found a staircase to the Ecumenical Temple.
  6370 | D:6      | Noticed Dowan
  6371 | D:6      | Noticed Duvessa
  6378 | D:6      | Killed Duvessa
  6379 | D:6      | Reached XP level 8. HP: 49/56 MP: 10/17
  6380 | D:6      | Killed Dowan
  6513 | D:6      | Found a broken altar of Ashenzari.
  6883 | D:6      | Got a slimy ring mail
  6894 | D:6      | Identified the +4 ring mail of Defence {rPois Regen+} (You
                  | found it on level 6 of the Dungeon)
  7029 | D:6      | Found a shimmering blue altar of Sif Muna.
  7081 | D:6      | Reached skill level 9 in Ice Magic
  7419 | D:7      | Reached XP level 9. HP: 54/65 MP: 14/19
  7480 | D:7      | Learned a level 1 spell: Apportation
  7584 | D:7      | Noticed Joseph
  7602 | D:7      | Killed Joseph
  7603 | D:7      | Reached skill level 5 in Fighting
  7603 | D:7      | Reached skill level 5 in Staves
  8109 | D:8      | Found Viuss's Jewellery Shoppe.
  8299 | D:8      | Reached skill level 10 in Ice Magic
  8715 | D:8      | Bought the ring "Geurapraa" {rPois rC+++ rN+ SInv Stlth-}
                  | for 704 gold pieces
  8897 | D:8      | Noticed a two-headed ogre
  8902 | D:8      | Killed a two-headed ogre
  8909 | D:8      | Reached XP level 10. HP: 75/77 MP: 15/22
  8950 | D:8      | Found Caidy's Distillery.
  8960 | D:8      | Bought a potion of heal wounds for 80 gold pieces
  9031 | D:8      | Got a fabulously ornate robe
  9032 | D:8      | Identified the +1 robe of Refuge {+Blink Will- Regen+
                  | Dex+4} (You found it on level 8 of the Dungeon)
  9114 | D:9      | Found a staircase to the Lair.
  9240 | D:9      | Got a slimy helmet
  9241 | D:9      | Identified the +3 helmet "Buor" {Int+3} (You found it on
                  | level 9 of the Dungeon)
  9278 | D:9      | Found a hide-covered altar of Uskayaw.
  9370 | D:9      | Noticed a red ugly thing
  9385 | D:9      | Noticed a two-headed ogre
  9421 | D:10     | Entered Level 10 of the Dungeon
  9447 | D:10     | Found a staircase to the Orcish Mines.
  9518 | D:10     | Learned a level 4 spell: Cause Fear
  9530 | D:10     | Found Yrucaulyu's Weapon Shoppe.
  9709 | D:10     | Reached skill level 1 in Hexes
 10074 | D:10     | Got a transparent mace
 10076 | D:10     | Reached XP level 11. HP: 86/86 MP: 24/24
 10329 | D:11     | Noticed Psyche
 10334 | D:11     | Killed Psyche
 10437 | D:11     | Identified the +8 mace of Fustik {drain, rElec Stlth+} (You
                  | found it on level 10 of the Dungeon)
 10439 | D:11     | Noticed a manticore
 10482 | D:12     | Noticed a six-headed hydra
 10501 | D:12     | Killed a six-headed hydra
 10502 | D:12     | Reached XP level 12. HP: 73/94 MP: 19/25
 10579 | D:12     | Noticed Urug
 10579 | D:12     | Noticed Nessos
 10765 | D:11     | Identified a scroll of acquirement
 10766 | D:11     | Acquired 745 gold pieces
 10957 | D:11     | Noticed an eight-headed hydra
 10965 | D:11     | Killed an eight-headed hydra
 11364 | D:9      | Reached skill level 5 in Hexes
 11433 | D:9      | Noticed a two-headed ogre
 11441 | D:9      | Killed a two-headed ogre
 11469 | D:9      | Killed a two-headed ogre
 11782 | D:8      | Bought a cursed amulet of magic regeneration for 297 gold
                  | pieces
 11836 | Lair:1   | Entered Level 1 of the Lair of Beasts
 11843 | Lair:1   | Reached skill level 10 in Spellcasting
 11963 | Lair:1   | Noticed a seven-headed hydra
 11976 | Lair:1   | Killed a seven-headed hydra
 12033 | Lair:1   | Reached skill level 10 in Fighting
 12358 | Lair:1   | Noticed a five-headed hydra
 12369 | Lair:1   | Killed a five-headed hydra
 12882 | Lair:2   | Gained mutation: You can hop long distances. [Barachi
                  | growth]
 12882 | Lair:2   | Reached XP level 13. HP: 104/104 MP: 21/27
 14631 | Lair:3   | Bought the +3 salamander hide armour {Flames rF++ rC--} for
                  | 1035 gold pieces
 14631 | Lair:3   | Found the +3 salamander hide armour {Flames rF++ rC--}
 16078 | Lair:4   | Found a staircase to the Shoals.
 16394 | Lair:4   | Reached XP level 14. HP: 95/115 MP: 27/29
 16480 | Lair:4   | Found a staircase to the Snake Pit.
 17335 | Lair:6   | Entered Level 6 of the Lair of Beasts
 18199 | Lair:6   | Reached skill level 10 in Hexes
 18340 | Lair:6   | Identified the +9 fire dragon scales of the Wild Haggis
                  | {rF++ rC- Dex+2} (You found it on level 6 of the Lair of
                  | Beasts)
 18647 | Lair:6   | Reached skill level 15 in Staves
 18896 | Lair:6   | Found a staircase to the Slime Pits.
 18935 | Lair:6   | Reached skill level 1 in Armour
 19805 | Lair:6   | Acquired 379 gold pieces
 19813 | Lair:6   | Learned a level 4 spell: Airstrike
 19885 | Lair:5   | Reached skill level 1 in Air Magic
 20879 | Lair:5   | Reached XP level 15. HP: 77/124 MP: 29/31
 20901 | Lair:5   | Reached skill level 5 in Armour
 21757 | Orc:1    | Entered Level 1 of the Orcish Mines
 21861 | Orc:2    | Entered Level 2 of the Orcish Mines
 22288 | Orc:2    | Reached skill level 5 in Air Magic
 22644 | Orc:1    | Found a roughly hewn altar of Beogh.
 23319 | Orc:2    | Found Nusir's General Store.
 23496 | Orc:2    | Bought a potion of resistance for 130 gold pieces
 23496 | Orc:2    | Bought a potion of haste for 130 gold pieces
 23496 | Orc:2    | Bought a book of Hexes for 650 gold pieces
 23496 | Orc:2    | Bought a scroll of silence for 97 gold pieces
 23496 | Orc:2    | Bought a potion of might for 52 gold pieces
 23528 | Orc:2    | Found a staircase to the Elven Halls.
 23655 | Orc:2    | Found a roughly hewn altar of Beogh.
 23687 | Orc:2    | Found Omyakhak's Weapon Shoppe.
 23687 | Orc:2    | Found Tareustra's Distillery.
 24477 | Orc:2    | Bought a potion of resistance for 160 gold pieces
 24477 | Orc:2    | Bought a potion of curing for 48 gold pieces
 24477 | Orc:2    | Bought a potion of haste for 160 gold pieces
 24477 | Orc:2    | Bought a potion of haste for 160 gold pieces
 24477 | Orc:2    | Bought a potion of curing for 48 gold pieces
 24477 | Orc:2    | Bought a potion of heal wounds for 80 gold pieces
 24477 | Orc:2    | Bought a potion of heal wounds for 80 gold pieces
 24477 | Orc:2    | Bought a potion of cancellation for 128 gold pieces
 24477 | Orc:2    | Bought a potion of curing for 48 gold pieces
 24477 | Orc:2    | Bought a potion of attraction for 48 gold pieces
 24477 | Orc:2    | Bought a potion of heal wounds for 80 gold pieces
 24477 | Orc:2    | Bought a potion of ambrosia for 128 gold pieces
 24477 | Orc:2    | Bought a potion of ambrosia for 128 gold pieces
 24477 | Orc:2    | Bought 2 potions of attraction for 96 gold pieces
 24783 | Orc:2    | Found Micotie's Jewellery Shop.
 24783 | Orc:2    | Found Jaymiphy's Antique Weapon Shoppe.
 24981 | Orc:1    | Noticed an orc warlord
 25076 | Orc:2    | Killed an orc warlord
 25640 | Orc:1    | Found Poriyd Suora's General Store.
 25703 | Orc:1    | Bought a scroll of enchant armour for 112 gold pieces
 25703 | Orc:1    | Bought a potion of lignification for 45 gold pieces
 25886 | D:12     | Noticed Maurice
 25895 | D:12     | Killed Maurice
 26053 | D:12     | Noticed Frances
 26062 | D:12     | Killed Frances
 26269 | D:12     | Killed Urug
 26445 | D:12     | Killed Nessos
 26504 | D:12     | Noticed Jorgrun
 26523 | D:12     | Killed Jorgrun
 27137 | D:13     | Found a gate to the Vaults.
 27182 | D:13     | Reached XP level 16. HP: 102/134 MP: 31/33
 27460 | D:13     | Reached skill level 15 in Fighting
 27501 | D:13     | You fall into a shaft and drop 2 floors!
 27501 | D:15     | Entered Level 15 of the Dungeon
 28006 | D:15     | Found a staircase to the Depths.
 28051 | D:15     | Bought a runed cloak for 277 gold pieces
 28087 | D:15     | Noticed Josephine
 28123 | D:15     | Killed Josephine
 28352 | D:15     | Found a shimmering altar of Xom.
 28388 | D:15     | Noticed Agnes
 28396 | D:15     | Killed Agnes
 30799 | D:14     | Noticed Umatosche's ghost (journeyman GrFi)
 30800 | D:14     | Found a runed translucent gate.
 30800 | D:14     | Found a runed translucent gate.
 30800 | D:14     | Found a runed translucent gate.
 30957 | D:14     | Killed Umatosche's ghost
 30973 | D:14     | Reached skill level 10 in Armour
 31520 | D:12     | Bought a +2 pair of boots of running for 664 gold pieces
 31546 | D:12     | Learned a level 6 spell: Freezing Cloud
 31689 | Elf:1    | Entered Level 1 of the Elven Halls
 31717 | Elf:2    | Found Veuled's Jewellery Shoppe.
 31749 | Elf:2    | Bought the ring of Okawaru's Generosity {rN+ MP+9 Str+4}
                  | for 594 gold pieces
 31788 | Elf:2    | Cast into level 2 of the Abyss (a deep elf sorcerer)
 31833 | Abyss:2  | Noticed a tentacled starspawn
 31852 | Abyss:2  | Killed a tentacled starspawn
 31853 | Abyss:2  | Reached skill level 11 in Ice Magic
 32203 | Elf:2    | Escaped the Abyss
 32992 | Elf:1    | Reached XP level 17. HP: 115/144 MP: 20/35
 34330 | Elf:2    | Found Baecikej's Gadget Emporium.
 34374 | Elf:2    | Got a fine plate armour
 34377 | Elf:2    | Identified the cursed +1 plate armour "Lawythu" {+Blink rC-
                  | Int+5} (You found it on level 2 of the Elven Halls)
 34527 | Elf:2    | Reached skill level 10 in Air Magic
 34545 | Elf:2    | Found Irixkocyw's Antique Armour Shoppe.
 34549 | Elf:2    | Reached skill level 5 in Dodging
 34616 | Elf:2    | Found Neffenyxkas's General Store.
 34764 | Elf:2    | Bought a scroll of teleportation for 60 gold pieces
 34764 | Elf:2    | Bought a potion of haste for 200 gold pieces
 34764 | Elf:2    | Bought a scroll of fear for 70 gold pieces
 34764 | Elf:2    | Bought a scroll of fog for 40 gold pieces
 34764 | Elf:2    | Bought a wand of acid (9) for 520 gold pieces
 34769 | Elf:2    | Paralysed by a floating eye for 4 turns
 35188 | Elf:2    | Found Ciph's Jewellery Boutique.
 35188 | Elf:2    | Found Nyrus's Gadget Shoppe.
 35189 | Elf:2    | Found Sich's Gadget Shoppe.
 35357 | Elf:2    | Found a runed translucent door.
 35372 | Elf:2    | Reached skill level 12 in Ice Magic
 35391 | Elf:2    | Found a runed translucent gate.
 35391 | Elf:2    | Found a runed translucent gate.
 35479 | Elf:2    | Found a runed translucent gate.
 35490 | Elf:2    | Noticed cykeltillsalu's ghost (adept OpWz)
 35546 | Elf:3    | Entered Level 3 of the Elven Halls
 35572 | Elf:3    | Found Faalu's Assorted Antiques.
 35584 | Elf:3    | Bought a scroll labelled IDOEMEACUI for 28 gold pieces
 35584 | Elf:3    | Bought a potion of haste for 280 gold pieces
 35585 | Elf:3    | Bought a scroll of enchant armour for 210 gold pieces
 35612 | Elf:3    | Found Wismipp's Magic Scroll Boutique.
 35651 | Elf:3    | Bought a scroll of fear for 38 gold pieces
 35651 | Elf:3    | Bought a scroll of teleportation for 33 gold pieces
 35651 | Elf:3    | Bought a scroll of enchant armour for 82 gold pieces
 35651 | Elf:3    | Bought a scroll of fear for 38 gold pieces
 35706 | Elf:3    | Learned a level 5 spell: Silence
 35713 | Elf:3    | Learned a level 6 spell: Ozocubu's Refrigeration
 36086 | Snake:1  | Entered Level 1 of the Snake Pit
 37118 | Snake:1  | Found a flickering gateway to a bazaar.
 37123 | Bazaar   | Entered a bazaar
 37138 | Bazaar   | Found Saek's Distillery.
 37140 | Bazaar   | Found Nehiweb's Magic Scroll Shoppe.
 37185 | Bazaar   | Found Heomuted's Gadget Emporium.
 37187 | Bazaar   | Found Uvvautenyr's Distillery.
 37210 | Bazaar   | Bought a potion of heal wounds for 75 gold pieces
 37210 | Bazaar   | Bought a potion of mutation for 120 gold pieces
 37210 | Bazaar   | Bought a potion of curing for 45 gold pieces
 37210 | Bazaar   | Bought a potion of might for 60 gold pieces
 37210 | Bazaar   | Bought 2 potions of curing for 90 gold pieces
 37233 | Bazaar   | Bought a potion of curing for 45 gold pieces
 37233 | Bazaar   | Bought a potion of haste for 150 gold pieces
 38792 | Snake:2  | Reached XP level 18. HP: 113/153 MP: 36/36
 39346 | Snake:2  | Got a scorched platinum ring
 39691 | Snake:3  | Identified the ring of Meczac {*Slow rPois rC+++ rN+ SInv}
                  | (You found it on level 2 of the Snake Pit)
 39888 | Snake:3  | Reached skill level 15 in Spellcasting
 40452 | Snake:3  | Reached skill level 13 in Ice Magic
 41172 | Snake:4  | Entered Level 4 of the Snake Pit
 41172 | Snake:4  | Found Ivveckix's General Store.
 41223 | Snake:4  | Found Zoytioxu's Distillery.
 41246 | Snake:4  | Found Simeom's Antique Weapon Boutique.
 41247 | Snake:4  | Bought a potion of haste for 170 gold pieces
 41247 | Snake:4  | Bought a potion of haste for 170 gold pieces
 41247 | Snake:4  | Bought a potion of might for 68 gold pieces
 41247 | Snake:4  | Bought a potion of curing for 51 gold pieces
 41247 | Snake:4  | Bought a potion of mutation for 136 gold pieces
 41397 | Snake:4  | Noticed Donald
 41401 | Snake:4  | Killed Donald
 42591 | Snake:4  | Got a serpentine rune of Zot
 43003 | Snake:4  | Found Reram's Jewellery Emporium.
 43734 | Snake:4  | Bought the amulet of Rywk {RegenMP rN+ Dex+4} for 892 gold
                  | pieces
 43904 | Shoals:1 | Entered Level 1 of the Shoals
 43945 | Shoals:1 | Noticed Nikola
 43963 | Shoals:1 | Killed Nikola
 43964 | Shoals:1 | Reached XP level 19. HP: 143/163 MP: 23/38
 43970 | Shoals:1 | Reached skill level 14 in Ice Magic
 45490 | Shoals:2 | Noticed Ilsuiw
 45493 | Shoals:2 | Reached skill level 1 in Conjurations
 45810 | Shoals:2 | Reached skill level 10 in Dodging
 45919 | Shoals:2 | Killed Ilsuiw
 47836 | Shoals:3 | Noticed Polyphemus
 47854 | Shoals:3 | Killed Polyphemus
 48916 | Shoals:4 | Entered Level 4 of the Shoals
 49450 | Shoals:4 | Found Gaotsomp's Magic Scroll Emporium.
 49540 | Shoals:4 | Reached skill level 5 in Conjurations
 49690 | Shoals:4 | Reached skill level 15 in Ice Magic
 49708 | Shoals:4 | Got a twitching turquoise ring
 49709 | Shoals:4 | Identified the ring of a Thousand Spirits {rElec rPois rN+
                  | Will+} (You found it on level 4 of the Shoals)
 49891 | Shoals:4 | Reached XP level 20. HP: 121/172 MP: 22/40
 49920 | Shoals:4 | Got a barnacled rune of Zot
 50101 | Shoals:4 | Bought a scroll of teleportation for 51 gold pieces
 50101 | Shoals:4 | Bought a scroll of teleportation for 51 gold pieces
 50101 | Shoals:4 | Bought a scroll of magic mapping for 59 gold pieces
 50101 | Shoals:4 | Bought a scroll of silence for 127 gold pieces
 50231 | Shoals:4 | Identified the cursed +1 quarterstaff of the Exiled Lives
                  | {flame, Str+3 Int+4} (You found it on level 4 of the
                  | Shoals)
 50524 | Shoals:4 | Identified the +10 flail "Van Fuar" {flame, *Rage rF+++
                  | Int-4 SInv}
 50538 | Shoals:4 | Acquired 818 gold pieces
 51029 | Vaults:1 | Entered Level 1 of the Vaults
 52831 | Vaults:1 | Reached skill level 16 in Ice Magic
 53173 | Vaults:1 | Reached XP level 21. HP: 143/180 MP: 37/41
 54697 | Vaults:2 | Found a magical portal.
 54708 | WizLab   | Entered Doroklohe's Tomb
 56387 | Vaults:2 | Acquired 896 gold pieces
 56777 | Vaults:2 | Identified the +11 rapier of Dust {flame, rElec rF+ Str+4}
 58514 | Vaults:3 | Reached skill level 17 in Ice Magic
 58744 | Vaults:3 | Reached skill level 10 in Conjurations
 58902 | Vaults:3 | Reached XP level 22. HP: 78/190 MP: 31/43
 59302 | Vaults:3 | Found Guecam's Antique Armour Boutique.
 59311 | Vaults:3 | Bought a translucent leather armour for 217 gold pieces
 59311 | Vaults:3 | Identified the +2 leather armour of Henotheism {rElec rPois
                  | rN+} (You bought it in a shop on level 3 of the Vaults)
 60098 | Vaults:3 | Reached skill level 1 in Evocations
 60117 | Vaults:3 | Found a staircase to the Crypt.
 61124 | Vaults:4 | Found Duyhuask's General Store.
 61129 | Vaults:4 | Bought a scroll of teleportation for 45 gold pieces
 61129 | Vaults:4 | Bought a scroll of magic mapping for 52 gold pieces
 61883 | Vaults:4 | Found Ulomage's Antique Weapon Boutique.
 62005 | Vaults:4 | Bought a steaming morningstar for 207 gold pieces
 62005 | Vaults:4 | Identified the +11 morningstar "Dillouna" {antimagic, rC-
                  | rN++ Str+3 Int+3} (You bought it in a shop on level 4 of
                  | the Vaults)
 62007 | Vaults:4 | Found Fesmux's Assorted Antiques.
 62018 | Vaults:4 | Bought a potion of might for 148 gold pieces
 62018 | Vaults:4 | Bought a potion of might for 148 gold pieces
 62018 | Vaults:4 | Bought a wand of acid (11) for 296 gold pieces
 62018 | Vaults:4 | Bought a phantom mirror for 1480 gold pieces
 62018 | Vaults:4 | Bought a box of beasts for 1480 gold pieces
 62018 | Vaults:4 | Bought a metal-bound book for 555 gold pieces
 62854 | Vaults:4 | Reached skill level 5 in Evocations
 63025 | Vaults:4 | Found Neliytoc's Assorted Antiques.
 63053 | Vaults:4 | Bought a potion of curing for 102 gold pieces
 63053 | Vaults:4 | Bought a potion of curing for 102 gold pieces
 63053 | Vaults:4 | Bought a potion of mutation for 272 gold pieces
 63744 | Vaults:4 | Noticed Name63's ghost (adept DECj)
 63869 | Vaults:4 | Found a large runed translucent door.
 63869 | Vaults:4 | Found a large runed translucent door.
 63884 | Vaults:4 | Reached skill level 18 in Ice Magic
 64092 | Vaults:4 | Reached XP level 23. HP: 170/198 MP: 36/45
 64292 | Vaults:4 | Killed Name63's ghost
 64336 | Vaults:4 | Bought a scroll of fear for 94 gold pieces
 64336 | Vaults:4 | Bought a potion of mutation for 216 gold pieces
 64336 | Vaults:4 | Bought a scroll of magic mapping for 94 gold pieces
 64336 | Vaults:4 | Bought a pair of glowing gloves for 202 gold pieces
 64336 | Vaults:4 | Bought a paperback book for 405 gold pieces
 64699 | Elf:2    | Killed cykeltillsalu's ghost
 66515 | Elf:3    | Identified the ring of Zaydeuj {rPois rN+ Str+4 Int+4}
 66997 | Elf:3    | Identified the cursed -2 cloak "Dumeoq" {*Contam Str+3
                  | Int+4 Slay+6} (You found it on level 3 of the Elven Halls)
 67004 | Elf:3    | Identified the Disquisition on Enchanting Necromancy
 67820 | Depths:1 | Entered Level 1 of the Depths
 68165 | Depths:1 | Reached XP level 24. HP: 160/209 MP: 34/45
 68691 | Depths:1 | Found a gateway to Hell.
 69620 | Depths:1 | Noticed a caustic shrike
 69838 | Depths:1 | Killed a caustic shrike
 70185 | Depths:1 | Reached skill level 10 in Evocations
 70219 | Depths:1 | Noticed a caustic shrike
 70236 | Depths:1 | Killed a caustic shrike
 70963 | Depths:1 | Identified the Compendium of Icy Intoxication
 71345 | Depths:2 | Noticed a juggernaut
 71347 | Depths:2 | Found a transporter.
 71402 | Depths:2 | Found a bloodstained altar of Trog.
 71402 | Depths:2 | Identified the +8 quick blade "Othrash" {antimagic, Dex+2}
 71403 | Depths:2 | Identified the cursed +0 quick blade of a bazaar
                  | {antimagic, rElec Int+6 Dex-5}
 71414 | Depths:2 | Found a transporter.
 71414 | Depths:2 | Noticed SeriousMike's ghost (adept TrNe)
 71415 | Depths:2 | Noticed a juggernaut
 71648 | Depths:2 | Reached skill level 15 in Armour
 72955 | Depths:2 | Reached XP level 25. HP: 202/219 MP: 45/45
 74308 | Depths:3 | Reached skill level 15 in Dodging
 74535 | Depths:3 | Found an iron altar of Okawaru.
 75333 | Depths:3 | Noticed Jory
 75353 | Depths:3 | Killed Jory
 76255 | Depths:3 | Found Amuwiz's Assorted Antiques.
 76300 | Depths:3 | Bought a pitted cloak for 228 gold pieces
 76300 | Depths:3 | Bought 2 potions of curing for 144 gold pieces
 76300 | Depths:3 | Bought a scroll of teleportation for 72 gold pieces
 76300 | Depths:3 | Identified the cursed +0 cloak of the Storm King {-Cast
                  | Harm rC+} (You bought it in a shop on level 3 of the
                  | Depths)
 76477 | Depths:3 | Found Junafuaj's Distillery.
 76673 | Depths:3 | Bought a potion of haste for 190 gold pieces
 76673 | Depths:3 | Bought a potion of heal wounds for 95 gold pieces
 76673 | Depths:3 | Bought a potion of heal wounds for 95 gold pieces
 76673 | Depths:3 | Bought a potion of resistance for 190 gold pieces
 76673 | Depths:3 | Bought a potion of brilliance for 76 gold pieces
 76673 | Depths:3 | Bought 2 potions of haste for 380 gold pieces
 76673 | Depths:3 | Bought 2 potions of might for 152 gold pieces
 76673 | Depths:3 | Bought a potion of flight for 57 gold pieces
 76719 | Depths:3 | Found Ratast's Jewellery Shop.
 76859 | Depths:3 | Found Sarphuag's Distillery.
 76932 | Depths:3 | Bought a potion of magic for 160 gold pieces
 76932 | Depths:3 | Bought 2 potions of curing for 120 gold pieces
 76932 | Depths:3 | Bought a potion of flight for 60 gold pieces
 76932 | Depths:3 | Bought a potion of might for 80 gold pieces
 76932 | Depths:3 | Bought a potion of flight for 60 gold pieces
 76932 | Depths:3 | Bought a potion of curing for 60 gold pieces
 76932 | Depths:3 | Bought 2 potions of haste for 400 gold pieces
 76932 | Depths:3 | Bought a potion of invisibility for 160 gold pieces
 77220 | Depths:3 | Noticed Saint Roka
 77242 | Depths:3 | Killed Saint Roka
 78076 | Depths:3 | Found a one-way gate leading to the halls of Pandemonium.
 78149 | Depths:3 | Identified the +5 broad axe "Giantbane" {freeze, rF+ rN+}
                  | (You found it on level 3 of the Depths)
 78211 | Depths:4 | Reached XP level 26. HP: 202/229 MP: 12/45
 78224 | Depths:4 | Found a gateway to a ziggurat.
 78454 | Depths:4 | Found a one-way gate to the infinite horrors of the Abyss.
 78978 | Depths:4 | Identified the cursed +0 quarterstaff "Cumede" {vorpal,
                  | *Contam rC++}
 79230 | Depths:4 | Got a slimy platinum amulet
 79231 | Depths:4 | Identified the amulet of Lupnaptu {+Inv rF+ Regen+ Int+4}
                  | (You found it on level 4 of the Depths)
 80775 | Depths:5 | Entered Level 5 of the Depths
 80894 | Depths:5 | Found a gate to the Realm of Zot.
 80909 | Depths:5 | Noticed Mennas
 81388 | Depths:5 | Killed Mennas
 83063 | Depths:5 | Reached skill level 15 in Evocations
 83545 | D:15     | Bought a buzzing ring mail for 333 gold pieces
 83545 | D:15     | Identified the +2 ring mail "Lucayhio" {Int+6} (You bought
                  | it in a shop on level 15 of the Dungeon)
 83549 | D:15     | Learned a level 2 spell: Passwall
 83799 | Crypt:1  | Entered Level 1 of the Crypt
 83897 | Crypt:1  | Found an ancient bone altar of Kikubaaqudgha.
 83931 | Crypt:1  | Reached XP level 27. HP: 214/238 MP: 45/45
 84068 | Crypt:1  | Noticed Bai Suzhen
 84110 | Crypt:1  | Killed Bai Suzhen
 84563 | Crypt:1  | Acquired the +7 lajatang of Order {silver, rMut}
 84564 | Crypt:1  | Found the +7 lajatang of Order {silver, rMut}
 85596 | Crypt:3  | Entered Level 3 of the Crypt
 85632 | Crypt:3  | Reached skill level 19 in Ice Magic
 85929 | Crypt:3  | Found a staircase to the Tomb.
 86360 | Crypt:3  | HP: 7/238 [spectral quicksilver dragon[a curse skull] (8)]
 87566 | Vaults:5 | Entered Level 5 of the Vaults
 87932 | Vaults:5 | Got a silver rune of Zot
 88046 | Vaults:5 | Identified the +4 morningstar of Jushomeu {elec, Str+2
                  | Int+2 SInv Stlth-}
 89161 | Vaults:5 | Reached skill level 20 in Ice Magic
 89444 | Vaults:5 | Noticed an ancient lich
 89472 | Vaults:5 | Killed an ancient lich
 90497 | Vaults:5 | Identified the Collected Works on Creative Intoxication
 91242 | Vaults:4 | Bought a steaming plate armour for 756 gold pieces
 91242 | Vaults:4 | Identified the +2 plate armour of the Heavens {rElec} (You
                  | bought it in a shop on level 4 of the Vaults)
 91247 | Vaults:4 | Bought a book of Death for 1330 gold pieces
 91252 | Vaults:4 | Learned a level 4 spell: Dispel Undead
 91257 | Vaults:4 | Bought a book of Alchemy for 1425 gold pieces
 91263 | Vaults:4 | Learned a level 5 spell: Irradiate
 91610 | Depths:4 | Voluntarily entered the Abyss.
 91657 | Abyss:1  | Reached skill level 1 in Necromancy
 92398 | Abyss:2  | Reached skill level 21 in Ice Magic
 92972 | Abyss:2  | Reached skill level 5 in Necromancy
 93635 | Abyss:3  | Got an abyssal rune of Zot
 93741 | Abyss:3  | Gained mutation: Scrolls take you a little longer to read.
                  | [a neqoxec]
 93744 | Abyss:3  | Gained mutation: Your body sometimes deteriorates upon
                  | taking damage. [a neqoxec]
 93745 | Abyss:3  | Gained mutation: Your spells are a little easier to cast,
                  | but a little less powerful. [a neqoxec]
 93835 | Depths:4 | Escaped the Abyss
 93841 | Depths:4 | Lost mutation: Your body sometimes deteriorates upon taking
                  | damage. [potion of mutation]
 93841 | Depths:4 | Lost mutation: Scrolls take you a little longer to read.
                  | [potion of mutation]
 93841 | Depths:4 | Lost mutation: Your spells are a little easier to cast, but
                  | a little less powerful. [potion of mutation]
 93841 | Depths:4 | Gained mutation: Your body sometimes deteriorates upon
                  | taking damage. [potion of mutation]
 93841 | Depths:4 | Gained mutation: Your spells are a little harder to cast,
                  | but a little more powerful. [potion of mutation]
 93841 | Depths:4 | Gained mutation: Your muscles are strong. (Str +2) [potion
                  | of mutation]
 94149 | Zot:1    | Entered Level 1 of the Realm of Zot
 94174 | Zot:1    | Reached skill level 22 in Ice Magic
 95584 | Zot:1    | Reached skill level 10 in Necromancy
 95596 | Zot:1    | Reached skill level 23 in Ice Magic
 97609 | Zot:3    | You fall into a shaft and drop 1 floor!
 98686 | Zot:2    | Reached skill level 24 in Ice Magic
100824 | Zot:4    | Reached skill level 25 in Ice Magic
101376 | Zot:4    | Noticed an ancient lich
101376 | Zot:4    | Noticed an ancient lich
101865 | Zot:4    | Killed an ancient lich
101884 | Zot:4    | Killed an ancient lich
102326 | Zot:5    | Entered Level 5 of the Realm of Zot
102595 | Zot:5    | Reached skill level 26 in Ice Magic
103364 | D:12     | Bought the +1 scale mail of Wasted Space {rC+ rCorr Str+3
                  | Stlth+} for 603 gold pieces
103627 | Slime:1  | Entered Level 1 of the Pits of Slime
104524 | Slime:3  | Found a viscous altar of Jiyva.
104638 | Slime:3  | You fall into a shaft and drop 1 floor!
105639 | Slime:5  | Entered Level 5 of the Pits of Slime
105702 | Slime:5  | Noticed the Royal Jelly
106630 | Slime:5  | Found a viscous altar of Jiyva.
106649 | Slime:5  | Killed the Royal Jelly
106865 | Slime:5  | Identified Ano Heamp's Compendium of Contamination and
                  | Conjuration
106945 | Slime:5  | Got a scintillating lead ring
106946 | Slime:5  | Identified the ring "Cuwn" {*Tele rF++ rC+} (You found it
                  | on level 5 of the Pits of Slime)
106951 | Slime:5  | Got a slimy rune of Zot
106953 | Slime:5  | Identified the +7 triple crossbow "Taraum" {freeze, rN+
                  | Str+4} (You found it on level 5 of the Pits of Slime)
106963 | Slime:5  | Got a pitted jade ring
106964 | Slime:5  | Identified the ring "Ramec" {rC+ Int+4 Dex+2 Slay-5} (You
                  | found it on level 5 of the Pits of Slime)
106994 | Slime:5  | Reached skill level 27 in Ice Magic
107459 | Slime:5  | Identified the cursed +1 ring mail "Epughedd" {Will+ Int+3}
                  | (You found it on level 5 of the Pits of Slime)
107461 | Slime:5  | Identified the cursed +0 hunting sling "Jyewexki" {freeze,
                  | Str-4 Int+4 Stlth+} (You found it on level 5 of the Pits of
                  | Slime)
107485 | Slime:5  | Learned a level 6 spell: Iron Shot
107504 | Slime:5  | Learned a level 7 spell: Spellforged Servitor
107749 | Slime:1  | Reached skill level 1 in Summonings
107749 | Slime:1  | Reached skill level 1 in Earth Magic
108442 | Hell     | Entered the Vestibule of Hell
108442 | Hell     | Noticed Geryon
108449 | Hell     | Killed Geryon
108811 | Hell     | Found a gateway to the decaying netherworld of Tartarus.
109002 | Hell     | Found a gateway to the freezing wastes of Cocytus.
109153 | Hell     | Found a gateway to the Iron City of Dis.
109338 | Hell     | Noticed Murray
109601 | Depths:1 | Bought a scroll of blinking for 97 gold pieces
109601 | Depths:1 | Bought a scroll of teleportation for 39 gold pieces
109601 | Depths:1 | Bought a scroll of blinking for 97 gold pieces
110454 | Zot:5    | Noticed an ancient lich
110473 | Zot:5    | Noticed an ancient lich
110496 | Zot:5    | Killed an ancient lich
110497 | Zot:5    | Reached skill level 5 in Summonings
110686 | Zot:5    | Reached skill level 5 in Earth Magic
110691 | Zot:5    | Noticed an orb of fire
110738 | Zot:5    | Gained mutation: You are frail. (-10% HP) [an orb of fire]
110747 | Zot:5    | Killed an orb of fire
111165 | Zot:5    | Noticed an ancient lich
111182 | Zot:5    | Killed an ancient lich
111195 | Zot:5    | Noticed an orb of fire
111196 | Zot:5    | Gained mutation: You are dopey. (Int -2) [an orb of fire]
111211 | Zot:5    | Killed an orb of fire
111218 | Zot:5    | Lost mutation: You are dopey. (Int -2) [potion of mutation]
111218 | Zot:5    | Lost mutation: You are frail. (-10% HP) [potion of
                  | mutation]
111218 | Zot:5    | Lost mutation: Your spells are a little harder to cast, but
                  | a little more powerful. [potion of mutation]
111218 | Zot:5    | Lost mutation: Your body sometimes deteriorates upon taking
                  | damage. [potion of mutation]
111218 | Zot:5    | Gained mutation: Your body sometimes deteriorates upon
                  | taking damage. [potion of mutation]
111218 | Zot:5    | Gained mutation: Your muscles are very strong. (Str +4)
                  | [potion of mutation]
111218 | Zot:5    | Gained mutation: You have sharp toenails. [potion of
                  | mutation]
111708 | Zot:5    | Noticed an orb of fire
111734 | Zot:5    | Killed an orb of fire
112106 | Zot:5    | Got the Orb of Zot
112545 | D:13     | Reached skill level 10 in Summonings
112734 | D:6      | Noticed Oraawies the pandemonium lord
112878 | D:2      | Noticed Ties the pandemonium lord
112951 | D:$      | Escaped with the Orb!

Illustrated notes

Levels and vault maps discovered:
D:1:      eino_arrival_cavern_a, layout_loops_ring
D:2:      layout_basic, corexii_item_surrounded_by_moat
D:3:      layout_rooms, nicolae_overflow_crystal_walls,
          yredelemnul_forgotten_temple_becter, lemuel_round_altar,
          chequers_ecumenical_altar_twisty
D:4:      layout_loops_corners, kennysheep_little_box, serial_shops,
          kennysheep_mini, grunt_gozag_breadcrumbs
D:5:      layout_basic
D:6:      layout_rooms, kennysheep_mini_moat, temple_pool_b,
          evilmike_ruin_ashenzari, uniq_duvessa
D:7:      layout_cave_pools, chequers_mini_garden, uniq_joseph
D:8:      layout_basic, serial_shops, nicolae_shop_trees, shop
D:9:      layout_loops_ring, lemuel_round_altar, david_lair_shrubbed
D:10:     layout_rooms, orc_david_3
D:11:     layout_roguey, chequers_serial_rivers_large_a, uniq_psyche
D:12:     layout_long_grid, uniq_urug, uniq_nessos, uniq_frances, uniq_jorgrun,
          uniq_maurice
D:13:     layout_roguey, erik_vaults_2
D:14:     kennysheep_room_grid, layout_basic, gammafunk_ghost_necromancy,
          serial_park_tiny_1, special_room [special_room_bee], fungi_pond_lemuel
D:15:     grunt_enter_depths_giant_problem, layout_basic, basic_altar,
          uniq_josephine, uniq_agnes
Lair:1:   beast_lair_carwin_large_2, layout_long_grid, serial_bayou_pond_c
Lair:2:   lemuel_slime, layout_layer_cave, lemuel_fruit_tree, grunt_megastairs_2
Lair:3:   layout_roguey, grunt_megastairs_4
Lair:4:   layout_cellular_growth, elwin_shoals_entry_rooms,
          minmay_snake_entry_guardpost_medium, grunt_megastairs_3,
          serial_bayou_shore_b
Lair:5:   layout_small_grid
Lair:6:   gammafunk_lair_ancient_temple, layout_regular_city,
          nicolae_slime_entry_slimehenge, infiniplex_staircase_pool_2
Shoals:1: layout_shoals, nicolae_shoals_stone_sculpture_thing, uniq_nikola
Shoals:2: cheibrodos_shoals_oceanic_diplomacy, layout_shoals, uniq_ilsuiw
Shoals:3: layout_shoals, nicolae_shoals_this_corrosion, uniq_polyphemus
Shoals:4: shoals_end_simple, layout_shoals, serial_shops, shop_fountains
Snake:1:  layout_chambers, serial_shops, bzr_entry_road
Snake:2:  layout_concentric_octagons, serial_bayou_shore_b
Snake:3:  layout_chambers, serial_bayou_ford_a
Snake:4:  snake_pit, layout_rooms, serial_shops, shop_statue, shop,
          nicolae_shop_statue_plus, nicolae_shop_window_shopping, uniq_donald
Slime:1:  layout_caves
Slime:2:  layout_caves
Slime:3:  layout_caves, basic_altar
Slime:4:  layout_caves
Slime:5
Orc:1:    layout_caves, basic_altar, serial_shops, shop, nicolae_orc_rockfall
Orc:2:    st_orc_town, layout_caves, serial_shops, shop, mines3_lemuel
Elf:1:    layout_gridlike, serial_sigils, serial_sigils_hangedman_scar,
          serial_sigils_hangedman_carve, serial_sigils_hangedman_clutch,
          serial_sigils_hangedman_leer, serial_sigils_hangedman_stare,
          nicolae_elf_v_pinch
Elf:2:    layout_geoelf_diagonals, serial_shops, nicolae_shop_window_shopping,
          nicolae_shop_stone, nicolae_shop_overgrown_old_shop, shop,
          ebering_ghost_reflecting_pool, minmay_shop_grove
Elf:3:    minmay_elf_hall_hex, layout_geoelf_castle, serial_shops, shop_statue,
          shop
Vaults:1: hangedman_vaults_variations, v_misc_32, ontoclasm_vaults_hangar,
          v_misc_29, vaults_standard_mumra_enter_the_diamond,
          hangedman_vaults_river_flow, nicolae_vaults_ninety_degrees,
          v_alt_pattern_3, nicolae_vaults_hallways_thing,
          nicolae_vaults_circle_grid_b, vaults_room_semicircle,
          ontoclasm_vaults_decontamination, nicolae_vaults_little_ls,
          nicolae_vaults_ring_of_whatevers, vaults_dpeg_ring,
          layout_vaults_omnicross
Vaults:2: nicolae_vaults_arrows, st_lines, v_misc_22, grunt_vaults_swirl,
          v_misc_10, hangedman_vaults_nails, v_pattern_3, v_misc_16,
          vaults_room_semicircle, layout_vaults_big_room, mu_enter_wizlab_3
Vaults:3: hangedman_vaults_stagger, ontoclasm_vaults_shout,
          minmay_crypt_entry_skeletal_spiral, vaults_room_hallway,
          ontoclasm_vaults_gateway, vaults_dpeg_hooks, layout_vaults_omnigrid,
          serial_shops, nicolae_shop_temple_entry_statues_fountains
Vaults:4: advil_vaults_ghost_guards, vaults_dpeg_diagonal,
          nicolae_vaults_circle_grid_a, nicolae_vaults_network_quinsquares
          [nicolae_vaults_network_quincunx_subvault,
          nicolae_vaults_network_quincunx_subvault,
          nicolae_vaults_network_quincunx_subvault,
          nicolae_vaults_network_quincunx_subvault], v_rooms_2,
          vaults_room_glass_cross, nicolae_vaults_network_star,
          hangedman_vaults_maws, grunt_vaults_focal, ontoclasm_vaults_fault,
          vaults_mumra_lcd, nicolae_vaults_big_ls, v_rooms_6,
          ontoclasm_vaults_shuriken, v_misc_23, layout_vaults_omnibox,
          serial_shops, nicolae_shop_overgrown_old_shop, shop_statue,
          shop_statue, shop_fountains
Vaults:5
Crypt:1:  layout_gridlike, basic_altar, wad_floor_pattern_untrapped,
          grunt_ministairs_11, st_stairs_2, uniq_bai_suzhen
Crypt:2:  layout_regular_city
Crypt:3:  lightli_unholy_cathedral, layout_chaotic_city, ebering_ghost_xom,
          st_stairs_6
Depths:1: evilmike_diamond_1, layout_gridlike, grunt_mini_vestibule,
          serial_bayou, serial_bayou_pond_b, serial_bayou_lagoon_a,
          serial_bayou_shore_a, serial_bayou_crossing, grunt_decor_resistance,
          serial_bayou_shore_b
Depths:2: nzn_winding_woodlands_three_and_one [nzn_winding_woodlands_5x15_pool,
          nzn_winding_woodlands_5x15_zeroes, nzn_winding_woodlands_5x15_cabin,
          nzn_winding_woodlands_center_pierced_h], layout_gridlike,
          minmay_misc_feat_secret_circle, gammafunk_ghost_wrathful_warriors,
          hell_entry, nrook_kobold_shadow_demons
Depths:3: due_jory_tower, layout_honeycomb, serial_shops,
          nicolae_shop_waterfront, nicolae_shop_stone, nicolae_shop_stone,
          nicolae_shop_stone, rand_demon_pan_entry_7, okawaru_ov_weapons_minmay,
          grunt_hell_entry_dis_grunt, minmay_staircase_windowed_small,
          uniq_saint_roka
Depths:4: hangedman_pleasuredromes, hell_entry, abyss_entry, pan_entry,
          serial_shops
Depths:5: evilmike_zot_entry_argh, layout_gridlike,
          pf_vacation_house_of_asmodeus, serial_curves, eino_curves_01,
          eino_curves_01, eino_curves_01, uniq_mennas
Hell
Zot:1:    layout_cathedral_of_symmetry
Zot:2:    layout_misc_corridors, zot_minivault_1
Zot:3:    layout_gridlike, hangedman_zot_wheel_spokes, st_stairs_2
Zot:4:    grunt_deathspiral_small, layout_onion, grunt_ministairs_3,
          guppyfry_library_mini
Zot:5:    layout_gridville, grunt_ministairs_1

Skill      XL: |  1  2  3  4  5  6  7  8  9 10 11 12 13 14 15 16 17 18 19 20 21 22 23 24 25 26 27 |
---------------+----------------------------------------------------------------------------------+-----
Ice Magic      | 5 6 7 8 9 10 11 12 13 15 16 17 18 27 | 27.0
Spellcasting   | 3 4 5 6 7 8 9 10 11 12 13 14 15 16 17 18 22 | 22.0
Staves         | 2 4 6 12 13 14 15 | 15.0
Fighting       | 2 4 6 8 10 12 13 14 16 17 18 19 20 21 22 23 24 25 | 25.3
Hexes          | 3 4 6 9 10 | 10.5
Armour         | 4 8 10 12 13 15 16 18 20 | 20.3
Air Magic      | 3 7 9 11 12 | 12.4
Dodging        | 3 7 9 10 11 13 14 15 17 19 | 19.1
Conjurations   | 5 8 10 11 12 14 | 14.7
Evocations     | 5 9 11 13 15 17 | 17.3
Necromancy     | 11 | 11.2
Summonings     | 10 | 10.1
Earth Magic    | 8 |  8.5
Stealth        | |  1.7

Action                   |  1- 3 |  4- 6 |  7- 9 | 10-12 | 13-15 | 16-18 | 19-21 | 22-24 | 25-27 || total
-------------------------+-------+-------+-------+-------+-------+-------+-------+-------+-------++-------
Melee: Whip              |     6 |   127 |     5 |       |       |       |       |       |       ||   138
       Quarterstaff      |       |       |   135 |   262 |   971 |  1233 |  1494 |  1676 |  4461 || 10232
       Unarmed           |       |       |     5 |       |       |       |       |       |       ||     5
Throw: Throwing net      |       |       |       |       |       |       |     1 |     5 |     5 ||    11
 Cast: Freeze            |    25 |       |       |       |       |       |       |       |       ||    25
       Frozen Ramparts   |     1 |    26 |    27 |    42 |    77 |    50 |    26 |       |     2 ||   251
       Ozocubu's Armour  |     1 |     3 |    15 |    24 |    23 |    13 |     1 |       |       ||    80
       Summon Ice Beast  |       |       |       |     1 |       |     1 |     2 |       |       ||     4
       Airstrike         |       |       |       |       |       |   137 |    79 |    83 |   198 ||   497
       Ozocubu's Refrige |       |       |       |       |       |    45 |   112 |   128 |   425 ||   710
       Cause Fear        |       |       |       |       |       |     1 |     1 |       |     1 ||     3
       Silence           |       |       |       |       |       |       |     3 |     5 |    12 ||    20
       Freezing Cloud    |       |       |       |       |       |       |       |     1 |     1 ||     2
       Apportation       |       |       |       |       |       |       |       |       |    10 ||    10
       Passwall          |       |       |       |       |       |       |       |       |     8 ||     8
       Irradiate         |       |       |       |       |       |       |       |       |     1 ||     1
Invok: Call Merchant     |       |       |       |       |     1 |     2 |       |     1 |     5 ||     9
       Potion Petition   |       |       |       |       |       |     2 |     1 |     3 |    15 ||    21
 Abil: Hop               |     1 |       |     2 |       |     9 |     3 |     2 |     5 |    23 ||    45
Evoke: Wand              |       |       |    11 |     9 |    14 |     5 |       |     1 |    15 ||    55
       Tin of tremorston |       |       |       |       |       |       |       |     2 |     2 ||     4
       Box of beasts     |       |       |       |       |       |       |       |     2 |       ||     2
       Phantom mirror    |       |       |       |       |       |       |       |     1 |     2 ||     3
       Condenser vane    |       |       |       |       |       |       |       |       |     2 ||     2
  Use: Scroll            |     2 |     5 |     6 |    16 |     9 |    16 |    17 |    14 |    21 ||   106
       Potion            |       |       |     7 |     1 |     6 |     9 |     3 |     3 |    25 ||    54
 Stab: Sleeping          |       |     2 |     2 |       |       |       |       |       |       ||     4
       Distracted        |       |       |       |     1 |     2 |     8 |    15 |    16 |    42 ||    84
       Paralysed         |       |       |       |       |    10 |       |       |       |       ||    10
       Held in net/web   |       |       |       |       |       |       |     3 |     1 |     5 ||     9
       Invisible         |       |       |       |       |       |       |       |     8 |     2 ||    10
Armor: Robe              |     7 |    16 |    31 |       |       |       |       |       |       ||    54
       Ring mail         |       |       |    24 |   117 |    50 |       |       |       |       ||   191
       Skin              |       |       |     4 |       |       |       |       |       |       ||     4
       Leather armour    |       |       |       |       |    53 |       |       |       |       ||    53
       Fire dragon scale |       |       |       |       |   298 |   650 |   643 |   569 |  1692 ||  3852
       Scale mail        |       |       |       |       |       |       |       |       |   107 ||   107
Dodge: Dodged            |    23 |    86 |   124 |   127 |   329 |   485 |   773 |   723 |  3420 ||  6090
